 Dungeon Crawl Stone Soup version 0.29.1-2-gbd0b4ee654 (webtiles) character file.

Game seed: 3776249721749548017

3 Ackmard the Magician (level 1, -1/15 HPs)
             Began as a Djinni Hedge Wizard on Nov 11, 2022.
             Killed from afar by a dart slug (2 damage)
             ... with a slug dart
             ... on level 1 of the Dungeon.
             The game lasted 00:00:30 (408 turns).

Ackmard the Magician (Djinni Hedge Wizard)           Turns: 408, Time: 00:00:31

Health: -1/15      AC:  2    Str:  9    XL:     1   Next: 55%
Gold:   20         EV: 27    Int: 15    God:
                   SH:  0    Dex: 12

rFire   + + .      SeeInvis .   (no weapon)
rCold   x . .      Faith    .   (no shield)
rNeg    . . .      Spirit   .   b - +0 robe
rPois   ∞          Reflect  .   c - +0 hat
rElec   .          Harm     .   (no cloak)
rCorr   .          Rampage  .   (no gloves)
Will    .....                   (boots unavailable)
Stlth   ++........              d - amulet of the acrobat
HPRegen 0.05/turn               (no ring)
MPRegen 0.00/turn               (no ring)

@: acrobatic, flying
A: sickness immunity, fire resistance 2, cold vulnerability 1, float, innate
caster, HP casting, extra vitality 1
a: no special abilities


You were on level 1 of the Dungeon.
You visited 1 branch of the dungeon, and saw 1 of its levels.

You collected 20 gold pieces.

Inventory:

Armour
 b - a +0 robe (worn)
 c - a +0 hat (worn)
Jewellery
 d - an amulet of the acrobat (around neck)
Scrolls
 e - 2 scrolls of identify {unknown}
Potions
 f - a potion of haste {unknown}


   Skills:
 + Level 2.2 Dodging
 + Level 1.6 Stealth
 + Level 2.5 Spellcasting


You couldn't memorise any spells.
You knew the following spells:

 Your Spells              Type           Power      Damage    Failure   Level
a - Magic Dart            Conj           36%        1d4       8%          1
b - Blink                 Tloc           18%        N/A       11%         2
c - Call Imp              Summ           9%         N/A       11%         2
d - Slow                  Hex            36%        N/A       8%          1
e - Conjure Flame         Conj/Fire      9%         6-21      22%         3
f - Mephitic Cloud        Conj/Pois/Air  9%         N/A       22%         3
Your spell library was empty.

Dungeon Overview and Level Annotations

Branches:
Dungeon (1/15)

Altars:


Innate Abilities, Weirdness & Mutations

You are immune to sickness and miasma.
You are immune to poison.
Your flesh is very heat resistant. (rF++)
You are vulnerable to cold. (rC-)
You float through the air rather than walking.
You learn spells naturally, not from books.
Your magical power is your life essence.
You have superior vitality. (+4 MHP)


Message History

An endoplasm comes into view.
The magic dart hits the endoplasm.
The endoplasm is heavily wounded.
The magic dart hits the endoplasm.
The endoplasm is almost dead.
The magic dart hits the endoplasm.
You kill the endoplasm!
You reach down and open the door.
There is an open door here.
e - 2 scrolls labelled CIMUMA PEEPUEF (gained 1)
A dart slug comes into view.
The magic dart hits the dart slug.
The dart slug is lightly wounded.
The magic dart hits the dart slug but does no damage.
The dart slug is lightly wounded.
The magic dart hits the dart slug.
The dart slug is moderately wounded.
The magic dart hits the dart slug.
The dart slug is heavily wounded.
The magic dart hits the dart slug but does no damage.
The dart slug is heavily wounded.
The dart slug bites you.
The magic dart hits the dart slug.
The dart slug is heavily wounded.
The dart slug bites you but does no damage.
The magic dart hits the dart slug.
The dart slug is severely wounded.
You are too injured to fight recklessly!
You are too injured to fight recklessly!
You are too injured to fight recklessly!
You are too injured to fight recklessly!
You are now empty-handed.
You drop a +0 dagger.
The dart slug launches a dart at you. The slug dart hits you.
* * * LOW HITPOINT WARNING * * *
The dart slug launches a dart at you. The slug dart misses you.
The dart slug launches a dart at you. The slug dart hits you.
You die...

........+........#
........####...#.#
.......#.........#
#.....##.#######.#
##...## #####.#
#+## #.....#
#.###.# #. #.#
#.###.###@#
#.....)...#
#####w##### #. #.
.. ##


You could see a dart slug.

Vanquished Creatures
  2 endoplasms (D:1)
  A rat (D:1)
3 creatures vanquished.

Notes
Turn   | Place    | Note
-------+----------+-------------------------------------------
     0 | D:1      | Ackmard the Djinni Hedge Wizard began the quest for the
                  | Orb.
     0 | D:1      | Ackmard set off with the following spells memorised: Magic
                  | Dart, Blink, Call Imp, Slow, Conjure Flame, Mephitic Cloud.
     0 | D:1      | Reached XP level 1. HP: 15/15 MP: 0/0
   408 | D:1      | Killed from afar by a dart slug

Illustrated notes

Levels and vault maps discovered:
D:1:      heliophobic_arrival_battle_scene, layout_loops_corners, serial_shops,
          nicolae_shop_hallway_stairs, nicolae_shop_advertising_works
          [nicolae_subvault_shop_adworks], nicolae_square_shop

Action                   || total
-------------------------++-------
 Cast: Magic Dart        ||    15
Armor: Robe              ||     1
Dodge: Dodged            ||     1
